AoeStats
← 勇闯天涯

Lombardia

508839125Analyzed
2v2 RM · 9d ago on Sep 24, 2026· 49m 30s· 4 players
Game mode
Random Map
Map size
Medium (4 player)
Population
200
Speed
Normal
Resources
Standard
Victory
Conquest
Starting age
Dark Age
Ending age
Imperial Age
RankedLock teamsTeams togetherTeam positionsShared explorationLock speedFull tech treeHidden civsTurbo modeCheats
Victory
Defeat
🇦🇷 Magyars · Argentina
1005
+15
🇨🇳 Italians · China
1000
+16
🇦🇺 Hindustanis · Australia
1045
-18
🇪🇸 Spanish · Spain
939
-39
晚霞与她
10:23 Feudal Age
8:38 Loom
12:15 Double-Bit Axe
13:39 Horse Collar
19:42 Castle Age
18:26 Town Watch
18:37 Gold Mining
18:55 Stone Mining
20:39 Bow Saw
21:26 Padded Archer Armor
21:27 Fletching
26:08 Gold Shaft Mining
27:36 Padded Archer Armor
32:20 Bodkin Arrow
33:28 Leather Archer Armor
33:19 Scale Barding Armor
34:35 Husbandry
36:14 Heavy Plow
39:34 Imperial Age
39:05 Chain Barding Armor
38:46 Town Patrol
39:23 Wheelbarrow
40:42 Hand Cart
40:34 Recurve Bow
40:35 Corvinian Army
42:19 Ballistics
43:01 Chemistry
43:11 Parthian Tactics
42:54 Thumb Ring
44:31 Ring Archer Armor
44:05 Bracer
44:44 Crop Rotation
48:00 Conscription
47:01 Elite Magyar Huszar
47:48 Heavy Cavalry Archer
勇闯天涯
1:16 Loom
12:16 Feudal Age
12:47 Double-Bit Axe
12:58 Gold Mining
17:32 Castle Age
15:44 Horse Collar
17:05 Stone Mining
18:53 Fletching
29:07 Heavy Plow
33:19 Imperial Age
33:25 Imperial Age
31:32 Wheelbarrow
32:47 Bloodlines
34:04 Husbandry
35:52 Bodkin Arrow
36:32 Conscription
38:52 Hand Cart
38:50 Bracer
38:51 Padded Archer Armor
43:46 Light Cavalry
44:16 Town Watch
45:00 Bow Saw
46:20 Crop Rotation
46:54 Two-Man Saw
46:50 Town Patrol
46:58 Scale Barding Armor
47:09 Leather Archer Armor
47:05 Forging
49:34 Chain Barding Armor
49:46 Ring Archer Armor
50:37 Iron Casting
selekimico
14:59 Feudal Age
16:49 Wheelbarrow
16:37 Double-Bit Axe
16:44 Horse Collar
21:08 Gold Mining
24:42 Stone Mining
26:27 Scale Barding Armor
33:11 Forging
45:56 Castle Age
Irri
6:39 Loom
10:38 Feudal Age
17:46 Castle Age
16:55 Forging
17:01 Horse Collar
17:29 Double-Bit Axe
17:56 Light Cavalry
25:19 Elite Skirmisher
26:53 Pikeman
32:01 Wheelbarrow
32:44 Bow Saw
33:37 Gold Mining
33:40 Stone Mining
Connection lost

Rejoining the realm…

Still unreachable

The connection could not be restored.

Session expired

The server has moved on; the page needs a fresh start.